 Dungeon Crawl Stone Soup version 0.28.0-53-g5a82cb258f (webtiles) character file.

Game seed: 9692076899585849976

200 bnorton916 the Fighter (level 5, 0/41 HPs)
             Began as a Deep Elf Fire Elementalist on June 16, 2022.
             Succumbed to an adder's poison
             ... on level 3 of the Dungeon.
             The game lasted 00:01:54 (3274 turns).

bnorton916 the Fighter (Deep Elf Fire Elementalist) Turns: 3274, Time: 00:01:54

Health: 0/41       AC:  2    Str:  5    XL:     5   Next: 49%
Magic:  8/13       EV: 12    Int: 22    God:
Gold:   107        SH:  0    Dex: 15    Spells: 11/12 levels left

rFire   . . .      SeeInvis .   (no weapon)
rCold   . . .      Faith    .   (no shield)
rNeg    . . .      Spirit   .   a - +0 robe
rPois   .          Reflect  .   (no helmet)
rElec   .          Harm     .   (no cloak)
rCorr   .          Rampage  .   (no gloves)
Will    .....                   (no boots)
Stlth   ++........              (no amulet)
HPRegen 0.13/turn               (no ring)
MPRegen 0.13/turn               (no ring)

@: lethally poisoned (0 -> -5), invisible
A: no striking features
a: no special abilities


You were on level 3 of the Dungeon.
You visited 1 branch of the dungeon, and saw 3 of its levels.

You collected 107 gold pieces.

Inventory:

Missiles
 b - 41 stones
Armour
 a - a +0 robe (worn)
Scrolls
 c - a scroll of enchant armour {unknown}
 d - 2 scrolls of magic mapping
 e - 2 scrolls of identify
 g - a scroll of torment
 h - a scroll of immolation {unknown}
 i - a scroll of silence {unknown}


   Skills:
 - Level 9.4 Fighting
 - Level 2.4 Dodging
 - Level 2.4 Stealth
 + Level 4.4 Spellcasting
 + Level 2.9 Conjurations
 + Level 4.2 Fire Magic


You had 11 spell levels left.
You knew the following spells:

 Your Spells              Type           Power      Damage    Failure   Level
a - Foxfire               Conj/Fire      80%        2x1d8     2%          1

Your spell library contained the following spells:

 Spells                   Type           Power      Damage    Failure   Level
 Scorch                   Fire           46%        2d7       2%          2
 Conjure Flame            Conj/Fire      20%        6-21      8%          3
 Inner Flame              Hex/Fire       14%        N/A       13%         3
 Flame Wave               Conj/Fire      20%        2d7       24%         4


Dungeon Overview and Level Annotations

Branches:
Dungeon (3/15)

Altars:


Message History

Confirm with . or Enter, or press ? or * to list all spells.
You conjure some foxfire!
The adder bites you.
* * * LOW HITPOINT WARNING * * *
You are poisoned.
The adder poisons you!
The foxfire hits the ball python.
You kill the ball python!
The adder barely misses you.
* * * LOW HITPOINT WARNING * * *
You feel sick.
The foxfire hits the adder.
The adder is heavily wounded.
The adder bites you.
* * * LOW HITPOINT WARNING * * *
You are more poisoned.
The adder poisons you!
It was a potion of invisibility.
You fade into invisibility!
* * * LOW HITPOINT WARNING * * *
You feel sick. The adder barely misses you.
It was a potion of experience.
You feel more experienced!
Your Fighting skill gained 9 levels and is now at level 9!
You have reached level 5!
* * * LOW HITPOINT WARNING * * *
You feel sick. The adder barely misses you. x2
Okay, then.
Unknown command.
You aren't carrying any potions.
You are lethally poisoned (2 -> -4).
You are invisible.
Your movement speed is average.
Your attack delay is about 1.0.
Unknown command.
Unknown command.
As you read the scroll labelled OSIMAA ESMATH, it crumbles to dust.
It is a scroll of identify.
d - 2 scrolls of magic mapping
* * * LOW HITPOINT WARNING * * *
You feel sick. The adder barely misses you.
As you read the scroll labelled PIXUSCH CIDU, it crumbles to dust.
You feel a surge of unholy energy.
The adder convulses!
It was a scroll of torment.
You die...

#.# #... ... #.#
#.... ... #.# #.##.
#.. ##.## #.##.###..
##...# #.##..##..
#....# #.###..#..
##....######.........
#....................
##..@###########...##
#.†S# #..## #.#.##
#.## ###..# #.# ##.#
#.# #....'.# #.#
#....### #.# ##..#
#.# #+# #.#


You could see an adder.

Vanquished Creatures
  A gnoll (D:1)
  4 adders
  A worm (D:2)
  4 dart slugs
  4 ball pythons
  4 bats
  4 endoplasms
  2 giant cockroaches
  4 goblins
  4 hobgoblins (D:2)
  6 kobolds
  3 quokkas
  A frilled lizard (D:1)
  2 rats
44 creatures vanquished.

Vanquished Creatures (others)
  246 foxfires
246 creatures vanquished.

Grand Total: 290 creatures vanquished

Notes
Turn   | Place    | Note
-------+----------+-------------------------------------------
     0 | D:1      | bnorton916 the Deep Elf Fire Elementalist began the quest
                  | for the Orb.
     0 | D:1      | Reached XP level 1. HP: 10/10 MP: 6/6
   225 | D:1      | Reached XP level 2. HP: 15/15 MP: 6/8
   376 | D:1      | Found a faded altar of an unknown god.
   884 | D:1      | Reached XP level 3. HP: 19/19 MP: 7/10
  2012 | D:2      | Reached XP level 4. HP: 24/24 MP: 9/12
  3271 | D:3      | HP: 1/24 [poisoned by an adder]
  3272 | D:3      | Reached skill level 9 in Fighting
  3272 | D:3      | Reached XP level 5. HP: 3/41 MP: 8/13
  3274 | D:3      | Succumbed to an adder's poison

Illustrated notes

Levels and vault maps discovered:
D:1:      dpeg_arrival_more_subterranean_lakeside_camping, layout_basic,
          serial_curves, eino_curves_03, eino_curves_01,
          shapermc_ecumenical_altar_mp_ritualfount
D:2:      layout_basic
D:3:      minmay_bubble_buster, layout_loops_corners

Skill      XL: |  1  2  3  4 |
---------------+-------------+-----
Conjurations   | 2 |  2.9
Spellcasting   | 4 |  4.4
Fire Magic     | 4 |  4.2
Fighting       | 9 |  9.4
Dodging        | |  2.4
Stealth        | |  2.4

Action                   |  1- 3 |  4- 6 || total
-------------------------+-------+-------++-------
 Cast: Foxfire           |    99 |    49 ||   148
  Use: Potion            |       |     2 ||     2
       Scroll            |       |     2 ||     2
Armor: Robe              |     1 |     1 ||     2
Dodge: Dodged            |     8 |    14 ||    22
